 Dungeon Crawl Stone Soup version 0.13.1-28-g3517093 (webtiles) character file.

798 exoticorn the Sneak (level 7, -5/50 HPs)
             Began as a Human Assassin on Mar 10, 2014.
             Killed by divine providence
             ... invoked by an orc priest
              (9 damage)
             ... on Level 7 of the Dungeon on Mar 11, 2014.
             The game lasted 01:17:26 (7051 turns).

exoticorn the Sneak (Human Assassin)                Turns: 7051, Time: 01:17:26

HP  -5/50        AC  3     Str 12      XL: 7   Next: 37%
MP   6/6         EV 14     Int 12      God:
Gold 306         SH  0     Dex 13      Spells:  0 memorised,  6 levels left

Res.Fire  : . . .   See Invis. : .   k - +0 falchion
Res.Cold  : . . .   Warding    : .   c - +0 robe
Life Prot.: . . .   Conserve   : .   (no shield)
Res.Poison: .       Res.Corr.  : .   (no helmet)
Res.Elec. : .       Clarity    : .   d - +0 cloak (curse)
Sust.Abil.: . .     Spirit.Shd : .   (no gloves)
Res.Mut.  : .       Stasis     : .   (no boots)
Res.Rott. : .       Flight     : .   (no amulet)
Saprovore : . . .                    (no ring)
                                     (no ring)

@: drained, slightly resistant to hostile enchantments, stealthy
A: blurry vision 1, fast metabolism 1, Dex -2
a: no special abilities


You were on level 7 of the Dungeon.
You were near starving.

You visited 1 branch of the dungeon, and saw 7 of its levels.

You collected 256 gold pieces.

Inventory:

Hand weapons
 a - a +3,+2 dagger {=f}
 b - a +0 blowgun
 k - a +0,+0 falchion (weapon)
 p - a +1,+0 spear of dragon slaying
 q - a +2,+0 spear of returning
Missiles
 e - a poisoned needle
 f - 2 curare-tipped needles
 j - 14 arrows of flame
 s - 13 darts (quivered)
Armour
 c - a +0 robe (worn)
 d - a cursed +0 cloak (worn)
Magical devices
 h - a wand of polymorph (9) {unknown}
 n - a wand of magic darts (14)
Scrolls
 g - a scroll of enchant weapon II {unknown}
 i - a scroll of curse jewellery {unknown}
 m - a scroll of fear
 t - a scroll of random uselessness {unknown}
 v - 2 scrolls of magic mapping
 w - a scroll of fog
 x - a scroll of remove curse {unknown}
 A - 2 scrolls of identify
Potions
 l - a potion of speed


   Skills:
 + Level 2.8(2.4) Fighting
 + Level 3.1(2.7) Short Blades
 + Level 3.5(3.1) Throwing
 + Level 4.7(4.3) Dodging
 + Level 5.3(4.9) Stealth


You had 6 spell levels left.
You didn't know any spells.

Dungeon Overview and Level Annotations

Branches:
Dungeon (7/27)
 Temple: D:4-7          Orc: D:6-11

Altars:
Cheibriados
Elyvilon

Annotations:
D:2 Crazy Yiuf
D:4 Sigmund
D:5 Blork the orc


Innate Abilities, Weirdness & Mutations

Your vision is a little blurry.
You are clumsy. (Dex -2)
You have a fast metabolism.


Message History

You hit the giant frog.
The giant frog is heavily wounded.
The giant frog hits you but does no damage.
The giant frog hits you.
* * * LOW HITPOINT WARNING * * *
You barely miss the giant frog.
The giant frog is heavily wounded.
The giant frog hits you.
* * * LOW HITPOINT WARNING * * *
The giant frog closely misses you.
You hit the giant frog.
The giant frog is severely wounded.
The orc wizard's eyes start to glow.
The giant frog completely misses you. The giant frog hits you.
* * * LOW HITPOINT WARNING * * *
The giant frog closely misses you. The giant frog closely misses you.
The orc priest calls down the wrath of Beogh upon you.
Something smites you!
You die...

#.##.######..
#.##%#####
#.##.#...
#.##.#.##### #
#..ooo.....#.# ##
####o#.###.#'#...
#.#.o.......#
#o#####[....#
#..o.F@.....#
#########.#.#


You could see a giant frog, an orc priest and an orc wizard.

Vanquished Creatures
  An ogre (D:3)
  2 orc wizards (D:3)
  An iguana (D:3)
  A black bear skeleton (D:7)
  Ijyb (D:6)
  Jessica (D:3)
  11 adders
  4 gnolls (D:3)
  2 worms
  3 giant geckos
  2 oozes
  13 orcs
  5 giant cockroaches
  4 hobgoblins
  8 jackals
  5 quokkas
  5 ball pythons
  14 bats
  3 giant newts
  A giant newt skeleton (D:4)
  A giant spore (D:4)
  11 goblins
  7 kobolds
  8 rats
  A fungus (D:1)
115 creatures vanquished.

Vanquished Creatures (others)
  A giant cockroach (D:3)
  A quokka (D:3)
2 creatures vanquished.

Grand Total: 117 creatures vanquished

Notes
Turn   | Place    | Note
--------------------------------------------------------------
     0 | D:1      | exoticorn, the Human Assassin, began the quest for the Orb.
     0 | D:1      | Reached XP level 1. HP: 15/15 MP: 0/0
   319 | D:1      | Reached XP level 2. HP: 21/21 MP: 1/1
   793 | D:1      | Reached XP level 3. HP: 26/26 MP: 2/2
  1346 | D:2      | Reached XP level 4. HP: 26/33 MP: 3/3
  1535 | D:2      | Reached skill level 5 in Stealth
  1838 | D:2      | Noticed Crazy Yiuf
  1904 | D:2      | Reached XP level 5. HP: 29/38 MP: 4/4
  2877 | D:3      | Found a white marble altar of Elyvilon.
  3134 | D:3      | Noticed Jessica
  3142 | D:3      | Killed Jessica
  3142 | D:3      | Reached XP level 6. HP: 23/44 MP: 5/5
  3413 | D:3      | Noticed an ogre
  3527 | D:3      | Killed an ogre
  4415 | D:3      | Reached XP level 7. HP: 47/50 MP: 6/6
  5350 | D:4      | Found a snail-covered altar of Cheibriados.
  5359 | D:4      | Noticed Sigmund
  5438 | D:5      | Entered Level 5 of the Dungeon
  5724 | D:4      | Gained mutation: Your vision is a little blurry. [potion of mutation]
  5724 | D:4      | Gained mutation: You are clumsy. (Dex -2) [potion of mutation]
  5724 | D:4      | Gained mutation: You have a fast metabolism. [potion of mutation]
  5768 | D:5      | Noticed Blork the orc
  6454 | D:6      | Noticed Ijyb
  6477 | D:6      | Killed Ijyb
  7051 | D:7      | Killed from afar by an orc priest

Action                   |  1- 3 |  4- 6 |  7- 9 || total
-------------------------+-------+-------+-------++-------
Melee: Dagger            |   125 |   252 |   137 ||   514
       Falchion          |       |       |    16 ||    16
 Fire: Blowgun           |     4 |    43 |    13 ||    60
Throw: Spear             |     1 |       |     1 ||     2
       Dart              |       |       |    20 ||    20
  Use: Potion            |     1 |     1 |     6 ||     8
       Scroll            |     6 |     3 |     7 ||    16
 Stab: Sleeping          |     3 |     2 |     6 ||    11
